 Dungeon Crawl Stone Soup version 0.29-a0-330-g52719c12eb (webtiles) character file.

Game seed: 8288335058152663916

135 esteth the Insei (level 5, -1/33 HPs)
             Began as an Octopode Transmuter on May 23, 2022.
             Was a Follower of Uskayaw.
             Slain by a phantom (7 damage)
             ... on level 3 of the Dungeon.
             The game lasted 00:05:37 (2879 turns).

esteth the Insei (Octopode Transmuter)              Turns: 2879, Time: 00:05:37

Health: -1/33      AC:  1    Str:  9    XL:     5   Next: 18%
Magic:  8/8        EV: 14    Int: 17    God:    Uskayaw [*.....]
Gold:   171        SH:  0    Dex: 13    Spells: 7/8 levels left

rFire   . . .      SeeInvis .   h - +1 club (spect)
rCold   . . .      Faith    .   (no shield)
rNeg    . . .      Spirit   .   (helmet restricted)
rPois   .          Reflect  .   (no amulet)
rElec   .          Harm     .   (no ring)
rCorr   .          Rampage  .   (no ring)
Will    .....                   (no ring)
Stlth   ++........              (no ring)
HPRegen 0.11/turn               (no ring)
MPRegen 0.11/turn               (no ring)
                                (no ring)
                                (no ring)

@: about to teleport
A: almost no armour, amphibious, 8 rings, camouflage 1, gelatinous body 1,
(nimble swimmer 1), tentacles
a: Renounce Religion, Stomp


You were on level 3 of the Dungeon.
You worshipped Uskayaw.
Uskayaw was noncommittal.
You visited 1 branch of the dungeon, and saw 3 of its levels.

You collected 171 gold pieces.


Innate Abilities, Weirdness & Mutations

You cannot wear most types of armour.
You are amphibious.
You can wear up to eight rings at the same time.
Your skin changes colour to match your surroundings (Stealth+).
Your rubbery body absorbs attacks. (AC +1, EV +1)
((You are camouflaged when in or above water. (Stealth+)))
You have tentacles for arms and can constrict up to eight enemies at once.


   Skills:
 + Level 1.2 Fighting
 + Level 3.2 Dodging
 * Level 4.9 Unarmed Combat
 - Level 2.0 Spellcasting
 - Level 2.0 Transmutations


You had 7 spell levels left.
You knew the following spells:

 Your Spells              Type           Power      Damage    Failure   Level
b - Beastly Appendage     Tmut           16%        N/A       9%          1

Your spell library contained the following spells:

 Spells                   Type           Power      Damage    Failure   Level
 Wereblood                Tmut           8%         N/A       13%         2
 Sublimation of Blood     Necr           1%         N/A       28%         2
 Spider Form              Tmut/Pois      5%         N/A       36%         3
 Ice Form                 Ice/Tmut       5%         N/A       77%         4
 Cause Fear               Hex            0%         N/A       88%         4
 Dragon Form              Tmut           4%         N/A       100%        7
 Summon Hydra             Summ           0%         N/A       100%        7
 Dragon's Call            Summ           0%         N/A       100%        9

Inventory:

Hand Weapons
 b - a +1 dagger of venom
   (You took it off a kobold on level 1 of the Dungeon)
 h - a +1 spectral club (weapon)
   (You took it off Robin on level 2 of the Dungeon)
Missiles
 e - 76 stones
 n - 7 boomerangs
 o - 6 silver boomerangs
Jewellery
 Z - a ring of wizardry
   (You took it off a goblin on level 2 of the Dungeon)
Scrolls
 c - 2 scrolls of identify {@r1}
 d - 3 scrolls of fog
 i - a scroll of holy word {unknown}
 l - a scroll of teleportation {@r4}
Potions
 a - a potion of lignification {!q}
 f - a potion of heal wounds {@q2}
 g - a potion of attraction {unknown}
 j - a potion of brilliance {unknown}
 k - 2 potions of curing {@q1}
 m - a potion of mutation {unknown}

Dungeon Overview and Level Annotations

Branches:
Dungeon (3/15)

Altars:
Uskayaw

Annotations:
D:2 1 runed translucent door, Crazy Yiuf

#.....###### ##.#.##
#.....# ##.#.##
......# ##.#.##
#.....# ##.#.##
......# ## ##.#.##
......# ##.##
##.#.## ###.###
##.#.## ##.#.##
....# ##.#.#.##
##.#.## #####
##.#...#@##
#.##.#.##
#.#.##.W(!##.#
##.#.# #.#.##.#..โ€
# ##.#.##
##.#.##.#ยง#.##.#.##
##.#.##.#ยง##.#.##
##.#.##.##.#.##
##.#.###.#.##
##.#.#.#.##
##.#.#.##


You could see a phantom and a friendly +1 spectral club (summoned, wandering).


Message History

The phantom barely misses you. ๐Ÿ˜ฑ HP[+1]
You barely miss the phantom.
The phantom hits you but does no damage.
You hit the phantom but do no damage.
The phantom hits you but does no damage.
You hit the phantom but do no damage.
The phantom hits you but does no damage.
The phantom hits you.
* * * LOW HITPOINT WARNING * * *
๐Ÿ˜ฑ HP[-6]
You take 6 damage, and now have 5/49 hp.
As you read the scroll labelled KOUNYDEWAT, it crumbles to dust.
The scroll dissolves into smoke.
It was a scroll of fog.
The phantom hits you but does no damage.
You closely miss the phantom.
The phantom hits you but does no damage. ๐Ÿ˜ฑ HP[+1] It was a potion of heal wounds.
You feel much better.
The phantom hits you but does no damage. ๐Ÿ˜ฎ HP[+22]
You regained 22 hp, and now have 28/49 hp.
You hit the phantom but do no damage. The phantom hits you. ๐Ÿ˜ฎ HP[-1]
You take 1 damage, and now have 27/49 hp.
You miss the phantom. The phantom hits you.
* * * LOW HITPOINT WARNING * * *
The phantom hits you but does no damage. ๐Ÿ˜จ HP[-4]
You take 4 damage, and now have 23/49 hp.
You closely miss the phantom.
The phantom hits you but does no damage.
You barely miss the phantom.
The phantom hits you but does no damage. ๐Ÿ˜จ HP[+1]
You miss the phantom.
The phantom hits you but does no damage.
You miss the phantom.
The phantom hits you but does no damage. x2
You closely miss the phantom.
The phantom hits you but does no damage.
You closely miss the phantom.
The phantom hits you but does no damage.
You miss the phantom.
The phantom hits you but does no damage. x2 ๐Ÿ˜ฎ HP[+1]
You hit the phantom. The phantom hits you.
* * * LOW HITPOINT WARNING * * *
๐Ÿ˜จ HP[-2]
You take 2 damage, and now have 23/49 hp.
You closely miss the phantom.
Your transformation is almost over.
The phantom hits you but does no damage.
It was a potion of curing.
You feel better.
The phantom hits you but does no damage. ๐Ÿ˜ฎ HP[+10]
You regained 10 hp, and now have 33/49 hp.
You closely miss the phantom.
The phantom hits you but does no damage. x2
You barely miss the phantom. The phantom hits you. ๐Ÿ˜ฎ HP[-2]
You take 2 damage, and now have 31/49 hp.
You barely miss the phantom.
The phantom hits you but does no damage.
You barely miss the phantom.
The phantom hits you but does no damage.
You barely miss the phantom.
The phantom hits you but does no damage.
The phantom hits you. ๐Ÿ˜ฎ HP[-2]
You take 2 damage, and now have 29/49 hp.
You miss the phantom.
You feel less wooden.
The phantom barely misses you. ๐Ÿ˜ฎ HP[-9]
You now have 33 max hp (-16).
You barely miss the phantom. The phantom hits you!
* * * LOW HITPOINT WARNING * * *
The phantom blinks!
You blink. ๐Ÿ˜จ HP[-7]
You take 7 damage, and now have 13/33 hp.
MASSIVE DAMAGE!! (PAUSE)
As you read the scroll labelled HIFOUMIHAL, it crumbles to dust.
It is a scroll of identify.
l - 2 scrolls of teleportation The phantom misses you.
As you read the scroll of teleportation {@r4}, it crumbles to dust.
You feel strangely unstable. The phantom hits you!
* * * LOW HITPOINT WARNING * * *
The phantom blinks!
You blink. ๐Ÿ˜ฑ HP[-7]
You take 7 damage, and now have 6/33 hp.
MASSIVE DAMAGE!! (PAUSE)
You closely miss the phantom. Your squeeze misses the phantom.
Your +1 spectral club closely misses the phantom.
The phantom misses you. The phantom hits you!
You die...

Skill      XL: |  1  2  3 |
---------------+----------+-----
Unarmed Combat | 4 |  4.9
Dodging        | 3 |  3.2
Fighting       | |  1.2
Spellcasting   | |  2.0
Transmutations | |  2.0

Action                   |  1- 3 |  4- 6 || total
-------------------------+-------+-------++-------
Melee: Unarmed           |    32 |       ||    32
       Constrict         |    21 |    10 ||    31
       Tentacles         |    18 |    11 ||    29
       Dagger            |    26 |       ||    26
       Punch             |     4 |     1 ||     5
       Club              |     8 |    75 ||    83
  Use: Potion            |     2 |     3 ||     5
       Scroll            |       |     3 ||     3
 Stab: Sleeping          |     8 |     4 ||    12
Armor: Skin              |     6 |    33 ||    39
Dodge: Dodged            |    36 |    33 ||    69

Levels and vault maps discovered:
D:1:      minmay_arrival_stair_chambers, layout_loops_ring,
          nicolae_ecumenical_snake_handling, chequers_serial_rivers_small_3,
          dreamdust_wishing_well, grunt_decor_arrowhead
D:2:      layout_basic, supply_closet_lemuel, uniq_robin,
          uniq_crazy_yiuf_cottage, uniq_terence
D:3:      minmay_inner_zag, layout_basic, cheibriados_altar_2,
          gammafunk_ghost_stat_death, dreamdust_mushroom_princess,
          amcnicky_mini_pool_small, nrook_mini_vaults

Notes
Turn   | Place    | Note
-------+----------+-------------------------------------------
     0 | D:1      | esteth the Octopode Transmuter began the quest for the Orb.
     0 | D:1      | Reached XP level 1. HP: 13/13 MP: 3/3
     0 | D:1      | magus.rc [v1.11.3]
   299 | D:1      | Reached XP level 2. HP: 16/18 MP: 5/5
   704 | D:1      | HP: 6/27 [poisoned by a kobold]
  1159 | D:1      | Reached XP level 3. HP: 21/23 MP: 6/6
  1254 | D:1      | Found a faded altar of an unknown god.
  1266 | D:1      | Prayed at the altar of an unknown god.
  1266 | D:1      | Became a worshipper of Uskayaw the Reveller
  1266 | D:1      | Reached * piety under Uskayaw
  1505 | D:2      | Noticed Robin
  1525 | D:2      | Reached skill level 4 in Unarmed Combat
  1527 | D:2      | Reached ** piety under Uskayaw
  1577 | D:2      | Killed Robin
  1738 | D:2      | You pick up a book of Blood and begin reading...
  1738 | D:2      | You add the spells Sublimation of Blood and Summon Hydra to
                  | your library.
  1779 | D:2      | You pick up a book of the Dragon and begin reading...
  1779 | D:2      | You add the spells Cause Fear, Dragon Form and Dragon's
                  | Call to your library.
  1813 | D:2      | Noticed Terence
  1818 | D:2      | Killed Terence
  1819 | D:2      | Reached skill level 3 in Dodging
  1819 | D:2      | Reached XP level 4. HP: 25/28 MP: 7/7
  2631 | D:2      | Found a runed translucent door.
  2632 | D:2      | Noticed Crazy Yiuf
  2828 | D:3      | Reached XP level 5. HP: 30/33 MP: 8/8
  2828 | D:3      | Noticed a phantom
  2848 | D:3      | HP: 10/49 [phantom (5)]
  2854 | D:3      | HP: 5/49 [phantom (6)]
  2878 | D:3      | HP: 6/33 [phantom (7)]
  2879 | D:3      | Slain by a phantom

Vanquished Creatures
  Terence (D:2)
  An iguana (D:3)
  Robin (D:2)
  An adder (D:2)
  A dart slug (D:2)
  5 ball pythons (D:1)
  2 bats
  7 endoplasms
  12 goblins
  8 hobgoblins
  3 jackals (D:2)
  2 frilled lizards (D:1)
  8 kobolds
  5 rats
57 creatures vanquished.

Vanquished Creatures (others)
  6 fungi (D:3)
6 creatures vanquished.

Grand Total: 63 creatures vanquished

Table legend:
 A = Non-vault XP
 B = Vault XP
 C = Vault XP percentage of total XP
 D = Non-vault monster count
 E = Vault monster count
 F = Vault count percentage of total count
                 A         B        C        D         E       F
            +---------+---------+-------+---------+---------+-------
      Total |     118 |      75 |  38.9 |      42 |      15 |  26.3
            +---------+---------+-------+---------+---------+-------
        D:1 |      36 |       4 |  10.0 |      22 |       3 |  12.0
        D:2 |      38 |      71 |  65.1 |      14 |      12 |  46.2
        D:3 |      44 |       0 |   0.0 |       6 |       0 |   0.0
            +---------+---------+-------+---------+---------+-------

Illustrated notes

Table legend:
 A = Kills in this place as a percentage of kills in entire the game.
 B = Kills by you in this place as a percentage of kills by you in the entire game.
 C = Kills by friends in this place as a percentage of kills by friends in the entire game.
 D = Other kills in this place as a percentage of other kills in the entire game.
 E = Experience gained in this place as a percentage of experience gained in the entire game.
 F = Experience gained in this place divided by the number of levels of this place that you have seen.
                   A       B       C       D       E      F
               +-------+-------+-------+-------+-------+----------------------
         Total | 100.0 | 100.0 |   N/A |   N/A | 100.0 |  64.3
       Dungeon | 100.0 | 100.0 |   N/A |   N/A | 100.0 |  64.3
               +-------+-------+-------+-------+-------+----------------------

Table legend: (Time is in decaauts)
 A = Elapsed time spent in this place.
 B = Non-inter-level travel time spent in this place.
 C = Inter-level travel time spent in this place.
 D = Time resting spent in this place.
 E = Time spent auto-exploring this place.
 F = Levels seen in this place.
 G = Mean time per level.
                   A        B        C        D        E       F      G
               +--------+--------+--------+--------+--------+-----+--------+
         Total |   2900 |   2841 |     59 |    486 |   1939 |   3 |  966.7 |
       Dungeon |   2900 |   2841 |     59 |    486 |   1939 |   3 |  966.7 |
               +--------+--------+--------+--------+--------+-----+--------+

Top non-repeatable levels by time:
     D:1: 1447 daAuts
     D:2: 1232 daAuts
     D:3: 221 daAuts
